 Dungeon Crawl Stone Soup version 0.28-a0-1520-gc3277d3759 (webtiles) character file.

Game seed: 17121661034922118395

13489 esteth the Geomancer (level 12, -7/133 HPs)
             Began as a Gnoll Wanderer on Jan 17, 2022.
             Was a High Priest of Okawaru.
             Mangled by a wolf spider (8 damage)
             ... on level 10 of the Dungeon.
             The game lasted 00:37:03 (16812 turns).

esteth the Geomancer (Gnoll Wanderer)              Turns: 16812, Time: 00:37:04

Health: -7/133     AC: 30    Str: 13    XL:     12   Next: 6%
Magic:  7/32       EV:  2    Int: 17    God:    Okawaru [*****.]
Gold:   512        SH:  0    Dex: 10    Spells: 17/26 levels left

rFire   . . .      SeeInvis .   J - +2 whip (flame)
rCold   . . .      Faith    .   (no shield)
rNeg    . . .      Spirit   .   (armour currently unavailable)
rPois   +          Reflect  .   (helmet currently unavailable)
rElec   .          Harm     .   (cloak currently unavailable)
rCorr   .          Rampage  .   (gloves currently unavailable)
Will    .....      NoTele   +   (boots currently unavailable)
Stlth   +++.......              (no amulet)
HPRegen 0.00/turn               L - ring of magical power
MPRegen 0.23/turn               C - +4 ring of protection

@: lethally poisoned (-7 -> -35), tree-form, inhibited regen
A: stationary, stasis, torment immunity, boosted hp, (fangs 1), strong nose,
distributed training, inhibited regeneration
a: Renounce Religion, Heroism, Finesse, Duel


You were on level 10 of the Dungeon.
You worshipped Okawaru.
Okawaru was extremely pleased with you.
You were a tree.
You visited 2 branches of the dungeon, and saw 12 of its levels.

You collected 512 gold pieces.

Inventory:

Hand Weapons
 a - a +0 club
 g - a +1 whip
 H - a +2 war axe of freezing
 J - a +2 whip of flaming (weapon)
Missiles
 b - 19 stones (quivered)
 q - 5 atropa-tipped darts
Armour
 c - a +0 robe
 n - a +0 pair of gloves (melded)
 u - a +1 pair of boots (melded)
 y - a +0 cloak (melded)
 K - a +0 leather armour (melded)
 O - a +1 helmet (melded)
 P - the +1 scale mail of Tulips {Int+4}
   (Okawaru gifted it to you on level 11 of the Dungeon)

   Int:       It affects your intelligence (+4).
Jewellery
 x - a ring of protection from fire
 C - a +4 ring of protection (right branch)
 L - a ring of magical power (left branch)
 N - a ring of magical power
 Q - a ring of see invisible
Wands
 m - a wand of acid (1)
 A - a wand of digging (8)
 S - a wand of flame (5)
 T - a wand of iceblast (6)
Scrolls
 e - a scroll of brand weapon {unknown}
 j - 2 scrolls of blinking {unknown}
 k - 3 scrolls of enchant weapon
 l - 4 scrolls of teleportation
 p - 2 scrolls of fog {unknown}
 r - 3 scrolls of magic mapping
 v - a scroll of silence {unknown}
 B - a scroll of vulnerability {unknown}
 D - a scroll of torment {unknown}
 E - 2 scrolls of acquirement {unknown}
 F - a scroll of fear {unknown}
 G - 2 scrolls of enchant armour {unknown}
 M - 4 scrolls of noise {unknown}
 R - a scroll of immolation {unknown}
Potions
 h - a potion of haste
 i - 3 potions of flight
 o - a potion of magic {unknown}
 s - 2 potions of lignification
 t - 2 potions of invisibility {unknown}
 w - a potion of berserk rage
 z - 2 potions of brilliance {unknown}
 I - a potion of mutation {unknown}
Miscellaneous
 d - a piece from Xom's chessboard (15/15)


   Skills:
 + Level 6.9 Fighting
 + Level 6.9 Short Blades
 + Level 6.9 Long Blades
 + Level 6.9 Axes
 + Level 6.9 Maces & Flails
 + Level 6.9 Polearms
 + Level 6.9 Staves
 + Level 6.9 Slings
 + Level 6.9 Bows
 + Level 6.9 Crossbows
 + Level 7.4 Throwing
 + Level 6.9 Armour
 + Level 7.4 Dodging
 + Level 6.9 Stealth
 + Level 6.9 Shields
 + Level 6.9 Unarmed Combat
 + Level 7.5 Spellcasting
 + Level 5.7 Conjurations
 + Level 5.7 Hexes
 + Level 8.0 Summonings
 + Level 5.7 Necromancy
 + Level 5.7 Translocations
 + Level 5.7 Transmutations
 + Level 5.7 Fire Magic
 + Level 5.7 Ice Magic
 + Level 5.7 Air Magic
 + Level 8.0 Earth Magic
 + Level 5.7 Poison Magic
 + Level 7.5 Invocations
 + Level 7.4 Evocations


You had 17 spell levels left.
You knew the following spells:

 Your Spells              Type           Power      Damage    Failure   Level
a - Sandblast             Erth           66%        2d15      1%          1
b - Call Canine Familiar  Summ           33%        N/A       1%          3
c - Lee's Rapid Deconstr  Erth           16%        3d11*     11%         5

Your spell library contained the following spells:

 Spells                   Type           Power      Damage    Failure   Level
 Pain                     Necr           100%       1d9       1%          1
 Static Discharge         Conj/Air       25%        N/A       1%          2
 Confusing Touch          Hex            25%        N/A       3%          3
 Portal Projectile        Hex/Tloc       50%        N/A       3%          3
 Vampiric Draining        Necr           25%        2d7       3%          3
 Leda's Liquefaction      Hex/Erth       14%        N/A       6%          4
 Petrify                  Tmut/Erth      29%        N/A       6%          4
 Lightning Bolt           Conj/Air       12%        1d26      28%         5
 Yara's Violent Unravell  Hex/Tmut       12%        3d7       28%         5
 Statue Form              Tmut/Erth      19%        N/A       69%         6
 Enfeeble                 Hex            12%        N/A       100%        7
 Maxwell's Capacitive Co  Air            12%        ∞         100%        8
 Animate Skeleton         Necr           Unusable   N/A       N/A         1
 Summon Small Mammal      Summ           Unusable   N/A       N/A         1
 Animate Armour           Summ/Erth      Unusable   N/A       N/A         4

Dungeon Overview and Level Annotations

Branches:
Dungeon (11/15)            Temple (1/1) D:5            Lair (0/6) D:10
    Orc (0/2) D:11

Altars:
Ashenzari
Cheibriados
Dithmenos
Elyvilon
Fedhas
Gozag
Hepliaklqana
Kikubaaqudgha
Makhleb
Nemelex Xobeh
Okawaru
Qazlal
Ru
Sif Muna
Trog
Uskayaw
Vehumet
Wu Jian
Xom
Yredelemnul
Zin
The Shining One

Shops:
D:1 *?(?*   D:10 **=!

Annotations:
D:4 1 runed translucent door, ZogPacha's ghost, weakling DjIE
D:8 2 exclusions
D:10 2 runed translucent doors


Innate Abilities, Weirdness & Mutations

You are a tree.
Your roots penetrate the ground, keeping you stationary.
You cannot be teleported.
You are immune to unholy pain and torment.
Your maximum health is greatly increased.
Your equipment is partially melded.
((You have very sharp teeth.))
Your uncanny sense of smell can sniff out nearby items.
Your experience applies equally to all skills.
You do not regenerate when monsters are visible.


Message History

The wolf spider bites you.
* * * LOW HITPOINT WARNING * * *
The wolf spider hits you!
* * * LOW HITPOINT WARNING * * *
The wolf spider misses you.
The wolf spider hits you but does no damage.
The wolf spider bites you but does no damage.
You feel better. The wolf spider closely misses you. The wolf spider bites you.
* * * LOW HITPOINT WARNING * * *
You are lethally poisoned!
The wolf spider poisons you!
The wolf spider hits you but does no damage.
The wolf spider bites you but does no damage.
You feel better.
The wolf spider hits you but does no damage.
The wolf spider closely misses you. The wolf spider hits you!
* * * LOW HITPOINT WARNING * * *
The wolf spider misses you. The wolf spider hits you.
* * * LOW HITPOINT WARNING * * *
The wolf spider bites you.
* * * LOW HITPOINT WARNING * * *
You are lethally poisoned!
The wolf spider poisons you! The wolf spider closely misses you. x2
Casting: Lee's Rapid Deconstruction (dangerous; 14% risk of failure)
Confirm with . or Enter, or press ? or * to list all spells.
Aiming: Lee's Rapid Deconstruction (dangerous; 14% risk of failure)
Press: ? - help, Dir - move target A crystal wall.
Okay, then.
Okay, then.
It was a potion of lignification.
You turn into a tree.
Your +0 cloak melds into your body.
Your +1 helmet melds into your body.
Your +0 pair of gloves melds into your body.
Your +1 pair of boots melds into your body.
Your +0 leather armour melds into your body.
Your roots penetrate the ground.
* * * LOW HITPOINT WARNING * * *
You feel extremely sick. The wolf spider hits you!
You die...

.....>.......######
.#....<...........#
.#[#######........# .#)#
#........# .#.# #........#
.#.# #........###### .#.#
#.............## ...#
#........###...# ...#
#......♣s....#.## ...#
##...###s###.....# ...#
#..###S#†#s###...# ##.#
#.##SS.#.#.s.##..# #.#
#.#...∆''†....#..#
##.######.#.S..#)#....#..#
..........#....#$#....#..#
..........#...#####...#..#
..........##+##yyy##+##..#


You could see 2 wolf spiders.

Vanquished Creatures
  A hydra (D:11)
  A centaur warrior (D:10)
  A two-headed ogre (D:11)
  Pikel (D:7)
  An ugly thing (D:8)
  4 black mambas (D:10)
  An unseen horror (D:11)
  3 kobold demonologists (D:10)
  A komodo dragon (D:10)
  A troll (D:11)
  13 yaks
  A wyvern (D:7)
  2 steam dragons
  6 redbacks (D:10)
  Menkaure (D:6)
  4 vampire mosquitoes (D:11)
  4 orc warriors
  3 water moccasins
  A hornet zombie (D:9)
  2 black bears
  A sky beast (D:7)
  A necrophage (D:6)
  3 ogres
  4 centaurs
  3 lemures (D:7)
  A phantom (D:5)
  2 kobold brigands (D:10)
  2 bullfrogs (D:9)
  A gnoll sergeant (D:9)
  2 scorpions
  A water moccasin skeleton (D:5)
  14 killer bees
  10 wights
  6 howler monkeys
  A vampire bat (D:9)
  3 centaur zombies
  2 bullfrog zombies
  2 jellies
  2 centaur skeletons
  4 orc priests
  Ijyb (D:4)
  7 orc wizards
  A killer bee zombie (D:4)
  2 hound skeletons (D:4)
  3 howler monkey zombies (D:9)
  4 gnolls (D:9)
  8 adders
  A howler monkey skeleton (D:6)
  2 shadow imps (D:7)
  An ufetubus (D:6)
  24 orcs
  3 ball pythons
  6 endoplasms
  4 giant cockroaches
  9 goblins
  7 hobgoblins
  4 quokkas
  13 bats
  3 frilled lizards
  12 kobolds
  5 rats
237 creatures vanquished.

Vanquished Creatures (others)
  21 plants
21 creatures vanquished.

Grand Total: 258 creatures vanquished

Notes
Turn   | Place    | Note
-------+----------+-------------------------------------------
     0 | D:1      | esteth the Gnoll Wanderer began the quest for the Orb.
     0 | D:1      | esteth set off with the following items: a +0 club, 37
                  | stones, a +0 robe, a piece from Xom's chessboard (15/15);
                  | and the following spells available to memorise: Sandblast,
                  | Summon Small Mammal, Call Canine Familiar, Animate Armour,
                  | Petrify
     0 | D:1      | Reached XP level 1. HP: 13/13 MP: 4/4
    44 | D:1      | Found Ontenk's Assorted Antiques.
   223 | D:1      | Learned a level 1 spell: Sandblast
   917 | D:1      | Reached XP level 2. HP: 19/19 MP: 5/5
  1070 | D:1      | Found Siutiq's Magic Scroll Shop.
  1072 | D:1      | Found Ico Rauragg's Magic Scroll Shoppe.
  1083 | D:1      | Found Nomem's Assorted Antiques.
  1097 | D:1      | Found Pilehiz's Antique Weapon Boutique.
  1645 | D:2      | Reached XP level 3. HP: 11/25 MP: 4/7
  2215 | D:2      | Reached skill level 1 in Invocations
  2677 | D:2      | Reached skill level 1 in Fighting
  2677 | D:2      | Reached skill level 1 in Short Blades
  2677 | D:2      | Reached skill level 1 in Long Blades
  2677 | D:2      | Reached skill level 1 in Axes
  2677 | D:2      | Reached skill level 1 in Maces & Flails
  2677 | D:2      | Reached skill level 1 in Polearms
  2677 | D:2      | Reached skill level 1 in Staves
  2677 | D:2      | Reached skill level 1 in Slings
  2677 | D:2      | Reached skill level 1 in Bows
  2677 | D:2      | Reached skill level 1 in Crossbows
  2677 | D:2      | Reached skill level 1 in Armour
  2677 | D:2      | Reached skill level 1 in Stealth
  2677 | D:2      | Reached skill level 1 in Shields
  2677 | D:2      | Reached skill level 1 in Unarmed Combat
  3265 | D:3      | Reached XP level 4. HP: 27/32 MP: 8/8
  3769 | D:3      | Reached skill level 1 in Conjurations
  3769 | D:3      | Reached skill level 1 in Hexes
  3769 | D:3      | Reached skill level 1 in Necromancy
  3769 | D:3      | Reached skill level 1 in Translocations
  3769 | D:3      | Reached skill level 1 in Transmutations
  3769 | D:3      | Reached skill level 1 in Fire Magic
  3769 | D:3      | Reached skill level 1 in Ice Magic
  3769 | D:3      | Reached skill level 1 in Air Magic
  3769 | D:3      | Reached skill level 1 in Poison Magic
  4321 | D:4      | Reached XP level 5. HP: 19/37 MP: 3/9
  4717 | D:4      | Found a runed translucent door.
  4718 | D:4      | Noticed ZogPacha's ghost (weakling DjIE)
  4722 | D:4      | Noticed Ijyb
  4732 | D:4      | Killed Ijyb
  4951 | D:4      | Reached XP level 6. HP: 24/44 MP: 10/10
  5601 | D:5      | Entered Level 5 of the Dungeon
  6463 | D:5      | Reached XP level 7. HP: 49/50 MP: 12/12
  6500 | D:5      | Learned a level 3 spell: Call Canine Familiar
  7465 | D:5      | Found a staircase to the Ecumenical Temple.
  7471 | Temple   | Entered the Ecumenical Temple
  7625 | Temple   | Became a worshipper of Warmaster Okawaru
  7664 | D:5      | Reached XP level 8. HP: 57/57 MP: 11/14
  7738 | D:6      | Found an opulent altar of Gozag.
  8139 | D:6      | Noticed Menkaure
  8167 | D:7      | Found a flagged portal.
  8177 | D:7      | Reached * piety under Okawaru
  8292 | D:6      | Killed Menkaure
  8728 | D:7      | Reached XP level 9. HP: 53/65 MP: 9/16
  9080 | D:7      | Noticed Pikel
  9095 | D:7      | Reached ** piety under Okawaru
  9096 | D:7      | Reached skill level 5 in Spellcasting
  9139 | D:7      | Killed Pikel
  9140 | D:7      | Reached skill level 5 in Throwing
  9140 | D:7      | Reached skill level 5 in Dodging
  9140 | D:7      | Reached skill level 5 in Evocations
  9589 | D:7      | Identified the +0 buckler of Dice, Bag, and Bottle {Harm}
  9842 | D:8      | Learned a level 5 spell: Lee's Rapid Deconstruction
  9927 | D:9      | Reached skill level 5 in Invocations
 10502 | D:8      | Noticed a green ugly thing
 11094 | D:8      | Killed a green ugly thing
 11094 | D:8      | Reached *** piety under Okawaru
 11095 | D:8      | Reached XP level 10. HP: 7/73 MP: 12/18
 11433 | D:8      | Received a gift from Okawaru
 11768 | D:9      | Reached skill level 5 in Fighting
 11768 | D:9      | Reached skill level 5 in Short Blades
 11768 | D:9      | Reached skill level 5 in Long Blades
 11768 | D:9      | Reached skill level 5 in Axes
 11768 | D:9      | Reached skill level 5 in Maces & Flails
 11768 | D:9      | Reached skill level 5 in Polearms
 11768 | D:9      | Reached skill level 5 in Staves
 11768 | D:9      | Reached skill level 5 in Slings
 11768 | D:9      | Reached skill level 5 in Bows
 11768 | D:9      | Reached skill level 5 in Crossbows
 11768 | D:9      | Reached skill level 5 in Armour
 11768 | D:9      | Reached skill level 5 in Stealth
 11768 | D:9      | Reached skill level 5 in Shields
 11768 | D:9      | Reached skill level 5 in Unarmed Combat
 12017 | D:9      | Found an ornate altar of the Wu Jian Council.
 12059 | D:9      | Reached **** piety under Okawaru
 12347 | D:9      | Received a gift from Okawaru
 13310 | D:10     | Entered Level 10 of the Dungeon
 13313 | D:10     | Noticed a centaur warrior
 13482 | D:10     | Killed a centaur warrior
 13917 | D:10     | Found Rifok's Distillery.
 13993 | D:10     | Found Lere's Jewellery Shop.
 14073 | D:10     | Found Ehunlase's General Store.
 14124 | D:10     | Found Mylus's General Store.
 14147 | D:10     | Noticed a kobold demonologist
 14150 | D:10     | Noticed a kobold demonologist
 14151 | D:10     | Noticed a kobold demonologist
 14159 | D:10     | Gained mutation: You do not regenerate when monsters are
                  | visible. [a neqoxec]
 14175 | D:10     | Killed a kobold demonologist
 14176 | D:10     | Reached XP level 11. HP: 69/81 MP: 19/20
 14192 | D:10     | Noticed a soul eater
 14197 | D:10     | Received a gift from Okawaru
 14493 | D:10     | Noticed a soul eater
 14622 | D:10     | Found a runed translucent gate.
 14628 | D:10     | Found a runed translucent gate.
 14631 | D:10     | Found a runed translucent gate.
 14631 | D:10     | Noticed a wolf spider
 14635 | D:10     | Noticed a wolf spider
 14675 | D:10     | Reached skill level 5 in Conjurations
 14675 | D:10     | Reached skill level 5 in Hexes
 14675 | D:10     | Reached skill level 5 in Necromancy
 14675 | D:10     | Reached skill level 5 in Translocations
 14675 | D:10     | Reached skill level 5 in Transmutations
 14675 | D:10     | Reached skill level 5 in Fire Magic
 14675 | D:10     | Reached skill level 5 in Ice Magic
 14675 | D:10     | Reached skill level 5 in Air Magic
 14675 | D:10     | Reached skill level 5 in Poison Magic
 14965 | D:10     | Found a runed translucent door.
 14972 | D:10     | Found the +9 staff of Olgreb {rPois∞}
 14980 | D:10     | Found a runed translucent door.
 15452 | D:10     | Found a staircase to the Lair.
 15943 | D:11     | Found a staircase to the Orcish Mines.
 15953 | D:11     | Noticed a five-headed hydra
 15971 | D:11     | Killed a five-headed hydra
 15971 | D:11     | Received a gift from Okawaru
 15971 | D:11     | Reached ***** piety under Okawaru
 16392 | D:11     | Noticed a two-headed ogre
 16404 | D:11     | Killed a two-headed ogre
 16404 | D:11     | Identified the +1 scale mail of Tulips {Int+4} (Okawaru
                  | gifted it to you on level 11 of the Dungeon)
 16404 | D:11     | Received a gift from Okawaru
 16807 | D:10     | Reached XP level 12. HP: 40/89 MP: 16/23
 16812 | D:10     | HP: 1/133 [poisoned by a wolf spider]
 16812 | D:10     | Mangled by a wolf spider

Illustrated notes

Levels and vault maps discovered:
D:1:      erik_arrival_triangle_medium, layout_basic, serial_shops, shop, shop,
          shop, nicolae_shop_hallway_stairs, shop
D:2:      layout_basic, minmay_door_square
D:3:      layout_loops_ring
D:4:      layout_rooms, ebering_ghost_reflecting_pool, uniq_ijyb
D:5:      layout_cave_pods, minmay_temple_entry_fiery
D:6:      layout_cave_pools, mainiacjoe_overflow_boulevard, uniq_menkaure
D:7:      layout_rooms, enter_bailey_5, uniq_pikel
D:8:      nzn_winding_woodlands_three_and_one [nzn_winding_woodlands_5x15_twine,
          nzn_winding_woodlands_5x15_default,
          nzn_winding_woodlands_5x15_lazy_stream,
          nzn_winding_woodlands_center_lodge], layout_cave_pods
D:9:      layout_stronghold, nicolae_overflow_crystal_walls, roderic_batcave,
          statue_in_the_mist_lemuel, minmay_circle_x
D:10:     layout_basic, david_lair_shrubbed, serial_shops, kennysheep_mini_moat,
          nicolae_shop_advertising_works [nicolae_subvault_shop_adworks],
          nicolae_square_shop, nicolae_lakefront_shop,
          minmay_guarded_unrand_staff_of_olgreb
D:11:     layout_basic, orc_0_dummy
Temple:   regret_index_temple_chain_breaker

Skill      XL: |  1  2  3  4  5  6  7  8  9 10 11 |
---------------+----------------------------------+-----
Invocations    | 1 2 3 4 5 6 7 |  7.5
Fighting       | 1 2 3 4 5 6 |  6.9
Short Blades   | 1 2 3 4 5 6 |  6.9
Long Blades    | 1 2 3 4 5 6 |  6.9
Axes           | 1 2 3 4 5 6 |  6.9
Maces & Flails | 1 2 3 4 5 6 |  6.9
Polearms       | 1 2 3 4 5 6 |  6.9
Staves         | 1 2 3 4 5 6 |  6.9
Slings         | 1 2 3 4 5 6 |  6.9
Bows           | 1 2 3 4 5 6 |  6.9
Crossbows      | 1 2 3 4 5 6 |  6.9
Armour         | 1 2 3 4 5 6 |  6.9
Stealth        | 1 2 3 4 5 6 |  6.9
Shields        | 1 2 3 4 5 6 |  6.9
Unarmed Combat | 1 2 3 4 5 6 |  6.9
Spellcasting   | 3 4 5 6 7 |  7.5
Conjurations   | 1 2 3 4 5 |  5.7
Hexes          | 1 2 3 4 5 |  5.7
Necromancy     | 1 2 3 4 5 |  5.7
Translocations | 1 2 3 4 5 |  5.7
Transmutations | 1 2 3 4 5 |  5.7
Fire Magic     | 1 2 3 4 5 |  5.7
Ice Magic      | 1 2 3 4 5 |  5.7
Air Magic      | 1 2 3 4 5 |  5.7
Poison Magic   | 1 2 3 4 5 |  5.7
Throwing       | 3 4 5 6 7 |  7.4
Dodging        | 3 4 5 6 7 |  7.4
Evocations     | 3 4 5 6 7 |  7.4
Summonings     | 6 7 8 |  8.0
Earth Magic    | 6 7 8 |  8.0

Action                   |  1- 3 |  4- 6 |  7- 9 | 10-12 || total
-------------------------+-------+-------+-------+-------++-------
Melee: Club              |    29 |       |       |       ||    29
       Whip              |   116 |   158 |    60 |    53 ||   387
       Bite              |     7 |    19 |    12 |     5 ||    43
       Punch             |     2 |     7 |     1 |     2 ||    12
       War axe           |       |       |    21 |       ||    21
 Cast: Sandblast         |    12 |    59 |   125 |   291 ||   487
       Call Canine Famil |       |       |     2 |       ||     2
       Lee's Rapid Decon |       |       |       |     8 ||     8
Invok: Heroism           |       |       |     2 |       ||     2
Evoke: Wand              |       |       |     3 |     8 ||    11
  Use: Scroll            |       |     3 |     3 |     3 ||     9
       Potion            |       |     3 |     5 |     7 ||    15
 Stab: Sleeping          |       |     3 |       |     1 ||     4
Armor: Robe              |    48 |    57 |    43 |       ||   148
       Leather armour    |       |       |    14 |   142 ||   156
       Skin              |       |       |       |     1 ||     1
Dodge: Dodged            |   145 |   156 |   107 |   201 ||   609

Table legend: (Time is in decaauts)
 A = Elapsed time spent in this place.
 B = Non-inter-level travel time spent in this place.
 C = Inter-level travel time spent in this place.
 D = Time resting spent in this place.
 E = Time spent auto-exploring this place.
 F = Levels seen in this place.
 G = Mean time per level.
                   A        B        C        D        E       F      G
               +--------+--------+--------+--------+--------+-----+--------+
         Total |  16826 |  16336 |    490 |   6243 |   7538 |  12 | 1402.2 |
       Dungeon |  16661 |  16197 |    464 |   6243 |   7419 |  11 | 1514.6 |
        Temple |    164 |    138 |     26 |      0 |    119 |   1 |  164.0 |
               +--------+--------+--------+--------+--------+-----+--------+

Top non-repeatable levels by time:
    D:10: 2497 daAuts
     D:9: 2098 daAuts
     D:1: 1886 daAuts
     D:8: 1749 daAuts
     D:5: 1721 daAuts
     D:4: 1679 daAuts
     D:2: 1282 daAuts
     D:7: 1060 daAuts
     D:3: 967 daAuts
     D:6: 868 daAuts
    D:11: 849 daAuts
  Temple: 164 daAuts
